 Dungeon Crawl Stone Soup version 0.17-a0-1479-g4041c36 (webtiles) character file.

1202 Geomchi the Ducker (level 8, 0/52 HPs)
             Began as an Octopode Fighter on July 3, 2015.
             Was a Believer of Cheibriados.
             Slain by an orc warrior
             ... wielding a +0 scimitar
              (6 damage)
             ... on level 6 of the Dungeon.
             The game lasted 00:09:01 (6098 turns).

Geomchi the Ducker (Octopode Fighter)               Turns: 6098, Time: 00:09:01

Health: 0/52       AC:  6    Str: 24    XL:     8   Next: 44%
Magic:  8/8        EV: 15    Int: 14    God:    Cheibriados [**....]
Gold:   59         SH: 10    Dex: 18    Spells: 0 memorised, 7 levels left

rFire  . . .     SeeInvis .     s - +1 flail (protect)
rCold  . . .     Clarity  .     b - +0 shield
rNeg   . . .     SustAt   .     (helmet restricted)
rPois  .         Gourm    .     B - amulet of regeneration
rElec  .         Spirit   .     o - ring of invisibility
rCorr  .         Warding  .     (no ring)
rMut   .         Stasis   .     (no ring)
MR     .....                    (no ring)
Stlth  +++.......               (no ring)
                                (no ring)
                                (no ring)
                                (no ring)

@: mighty, very slow, not resistant to hostile enchantments, fairly stealthy
A: almost no armour, amphibious, 8 rings, constrict 8, camouflage 1, gelatinous
body 1
a: Bend Time, Renounce Religion, Evoke Invisibility


You were on level 6 of the Dungeon.
You worshipped Cheibriados.
Cheibriados was pleased with you.
You were very hungry.

You visited 2 branches of the dungeon, and saw 7 of its levels.

You collected 230 gold pieces.
You spent 171 gold pieces at shops.

Inventory:

Hand weapons
 s - a +1 flail of protection (weapon)
Armour
 b - a +0 shield (worn)
Jewellery
 o - a ring of invisibility (left tentacle)
 z - an uncursed amulet of warding
 B - an amulet of regeneration (around mantle)
 E - an uncursed amulet of guardian spirit {unknown}
Magical devices
 y - a wand of paralysis (24)
Scrolls
 f - 3 scrolls of teleportation
 j - 2 scrolls of enchant armour
 k - a scroll of fear {unknown}
 l - a scroll of holy word {unknown}
 m - 4 scrolls of remove curse
 q - a scroll of immolation {unknown}
 r - 2 scrolls of amnesia
 t - a scroll of noise {unknown}
 u - a scroll of enchant weapon {unknown}
 w - a scroll of magic mapping {unknown}
 x - a scroll of fog {unknown}
 C - 2 scrolls of identify
 D - a scroll of blinking {unknown}
Potions
 a - 3 potions of flight
 c - a potion of might
 e - a potion of resistance
 g - 2 potions of brilliance
 n - 6 potions of curing
Comestibles
 d - 5 bread rations {@e1}
 h - 5 beef jerkies
 i - 2 meat rations {@e2}
 p - a slice of pizza
 v - a royal jelly
 A - 3 fruits


   Skills:
 - Level 3.0 Fighting
 - Level 7.0 Maces & Flails
 + Level 7.2 Dodging
 + Level 4.0 Shields


You had 7 spell levels left.
You didn't know any spells.

Dungeon Overview and Level Annotations

Branches:
Dungeon (6/15)             Temple (1/1) D:5

Altars:
Ashenzari
Cheibriados
Dithmenos
Elyvilon
Fedhas
Kikubaaqudgha
Makhleb
Nemelex Xobeh
Ru
Sif Muna
Trog
Vehumet
Xom
Yredelemnul
Zin
The Shining One

Shops:
D:5 ?*%(


Innate Abilities, Weirdness & Mutations

You cannot wear most types of armour.
You are amphibious.
You can wear up to eight rings at the same time.
You can use your tentacles to constrict eight enemies at once.
Your skin changes colour to match your surroundings (Stealth).
Your rubbery body absorbs attacks (AC +1).


Message History

Cheibriados raises the support of your attributes as your movement slows.
You thump the orc warrior! You grab the orc warrior.
You constrict the orc warrior, but do no damage.
The orc warrior hits you with a scimitar!!
Ouch! That really hurt!
* * * LOW HITPOINT WARNING * * *
You block the orc warrior's attack.
You take 26 damage, and have 5/52 hp.
MASSIVE DAMAGE!!
You are too injured to fight recklessly!
You are too injured to fight recklessly!
You are too injured to fight recklessly!
Drink which item? (? for menu, Esc to quit)
You feel very mighty all of a sudden.
You constrict the orc warrior. You hit the orc warrior.
You constrict the orc warrior. The orc warrior barely misses you.
You hit the orc warrior but do no damage.
You constrict the orc warrior.
The orc warrior hits you with a scimitar.
You die...

####
.............##
#..##
..............#
##..#
.............#
#..##.............#
##..##...........#
#.>###..........#
##..# #...o)...#
#.)## #...@...#
##..# ##.....##
#..## #....##
##...# #..###
#.#..###..#
###...##.##
##..#..# #.....#
#.....####


You could see an orc warrior.

Vanquished Creatures
  Sigmund (D:6)
  2 ogres
  A sky beast (D:6)
  3 scorpions
  2 hounds
  4 orc wizards
  A jelly (D:6)
  3 orc priests (D:6)
  2 worker ants
  11 adders
  6 gnolls
  3 oozes
  3 worms
  2 giant geckos
  13 orcs
  11 bats
  3 giant cockroaches
  16 goblins
  10 hobgoblins
  6 jackals
  3 quokkas
  5 giant newts
  7 kobolds
  12 rats
130 creatures vanquished.

Notes
Turn   | Place    | Note
--------------------------------------------------------------
     0 | D:1      | Geomchi the Octopode Fighter began the quest for the Orb.
     0 | D:1      | Reached XP level 1. HP: 16/16 MP: 1/1
   204 | D:1      | Reached XP level 2. HP: 21/21 MP: 2/2
   462 | D:1      | Reached XP level 3. HP: 26/26 MP: 3/3
  1253 | D:2      | Found a basalt altar of Yredelemnul.
  1350 | D:2      | Reached skill level 4 in Maces & Flails
  1638 | D:2      | Reached XP level 4. HP: 31/31 MP: 4/4
  2420 | D:3      | Reached XP level 5. HP: 26/36 MP: 5/5
  2561 | D:3      | Found a shattered altar of Ashenzari.
  3056 | D:4      | Reached skill level 5 in Maces & Flails
  3784 | D:4      | Reached XP level 6. HP: 30/42 MP: 6/6
  3848 | D:4      | Noticed an ogre
  3869 | D:4      | Killed an ogre
  4086 | D:5      | Entered Level 5 of the Dungeon
  4086 | D:5      | Found Xoownude's General Store.
  4097 | D:5      | Bought a scroll of identify for 30 gold pieces
  4097 | D:5      | Bought a scroll of teleportation for 45 gold pieces
  4102 | D:5      | Found a staircase to the Ecumenical Temple.
  4110 | D:5      | Found Loeph's Magic Scroll Emporium.
  4113 | Temple   | Entered the Ecumenical Temple
  4213 | Temple   | Became a worshipper of Cheibriados the Contemplative
  4235 | D:5      | Bought a scroll of identify for 24 gold pieces
  4235 | D:5      | Bought a scroll of identify for 24 gold pieces
  4235 | D:5      | Bought a scroll of identify for 24 gold pieces
  4235 | D:5      | Bought a scroll of identify for 24 gold pieces
  4265 | D:5      | Reached skill level 5 in Dodging
  4288 | D:5      | HP: 1/42 [orc wizard/magic dart (7)]
  4296 | D:5      | Reached XP level 7. HP: 28/46 MP: 7/7
  4417 | D:5      | Found a blossoming altar of Fedhas.
  4445 | D:5      | Found Nesuf's Food Shoppe.
  4454 | D:5      | Reached skill level 6 in Maces & Flails
  4519 | D:5      | Acquired Cheibriados's first power
  4535 | D:5      | Found Hoyn's Weapon Emporium.
  5490 | D:6      | Found a glowing silver altar of Zin.
  5578 | D:6      | Reached XP level 8. HP: 52/52 MP: 8/8
  5614 | D:6      | Reached skill level 7 in Maces & Flails
  5688 | D:6      | Noticed Sigmund
  5720 | D:6      | Killed Sigmund
  6098 | D:6      | Slain by an orc warrior

Vault maps used:
D:1:      shiori_shiawase
D:2:      lemuel_crystal_altar, grunt_ministairs_8
D:3:      lemuel_crystal_altar, nrook_uturn
D:4:      eino_small_chamber_without_monster, serial_park_tiny_2
D:5:      lemuel_round_altar, minmay_temple_entry_butterflies, first_bread,
          serial_shops, kennysheep_mini_moat, nicolae_shop_stone, shop, shop
D:6:      nicolae_overflow_crystal_walls, uniq_sigmund
Temple:   circular_temple_12

Action                   |  1- 3 |  4- 6 |  7- 9 || total
-------------------------+-------+-------+-------++-------
Melee: Flail             |    59 |   125 |   121 ||   305
  Use: Scroll            |       |    10 |       ||    10
       Potion            |       |     2 |     2 ||     4
 Stab: Sleeping          |     8 |     6 |     4 ||    18
       Distracted        |       |     2 |       ||     2
  Eat: Chunk             |     1 |     9 |     3 ||    13
